 Dungeon Crawl Stone Soup version 0.30.1-11-g7821555f0a (webtiles) character file.

Game seed: 17998021691495946202

273 lonewolfV2 the Chopper (level 6, -4/48 HPs)
             Began as a Demonspawn Fighter on Oct 30, 2023.
             Killed by nerve-wracking pain
             ... invoked by an orc priest
              (5 damage)
             ... on level 3 of the Dungeon.
             The game lasted 00:04:01 (2708 turns).

lonewolfV2 the Chopper (Demonspawn Fighter)         Turns: 2708, Time: 00:04:02

Health: -4/48      AC:  6    Str: 16    XL:     6   Next: 3%
Magic:  6/6        EV:  8    Int: 10    God:
Gold:   35         SH:  6    Dex: 14    Spells: 5/5 levels left

rFire   . . .        a - +0 war axe
rCold   . . .        c - +1 buckler
rNeg    . . .        b - +0 scale mail
rPois   +            (helmet restricted)
rElec   .            (no cloak)
rCorr   .            (no gloves)
SInv    .            (no boots)
Will    .....        (no amulet) Stlth
                     l - ring of poison resistance
HPRegen 0.28/turn    (no ring)
MPRegen 0.20/turn

%: no passive effects
@: no status effects
A: horns 1, magic regeneration
a: no special abilities


You were on level 3 of the Dungeon.
You visited 1 branch of the dungeon, and saw 3 of its levels.
You also visited: Sewer.

You collected 35 gold pieces.

Inventory:

Hand Weapons
 a - a +0 war axe (weapon)
Armour
 b - a +0 scale mail (worn)
 c - a +1 buckler (worn)
Jewellery
 l - a ring of poison resistance (left hand)
Scrolls
 f - 2 scrolls of teleportation
 h - 3 scrolls of identify
Potions
 d - a potion of might
 e - 3 potions of brilliance
 g - a potion of mutation
 i - a potion of degeneration
 k - 4 potions of lignification
 o - a potion of heal wounds


   Skills:
 + Level 4.2 Fighting
 * Level 4.2 Axes
 - Level 2.6 Armour
 + Level 3.8 Shields


You had 5 spell levels left.
You didn't know any spells.
Your spell library contained the following spells:

 Spells                   Type           Power      Damage    Failure   Level
 Ensorcelled Hibernation  Hex/Ice        0%         N/A       95%         2
 Passwall                 Tmut/Erth      0%         N/A       95%         2
 Swiftness                Air            0%         N/A       99%         3


Dungeon Overview and Level Annotations

Branches:
Dungeon (3/15)              Sewer (visited)

Altars:


Innate Abilities, Weirdness & Mutations

You have a pair of small horns on your head.
You regenerate magic rapidly.


Message History

h - 3 scrolls of identify (gained 1)
A hobgoblin comes into view.
The hobgoblin shouts!
You hear a shout!
A hobgoblin comes into view.
The hobgoblin shouts!
An orc priest comes into view. It is wielding a +0 whip.
Found a stone staircase leading up.
The orc priest shouts!
The orc priest invokes the aid of Beogh against you.
Beogh smites you! You block the hobgoblin's attack.
The orc priest invokes the aid of Beogh against you.
Beogh smites you!
An orc comes into view. It is wielding a +0 flail.
You slash the hobgoblin!
You kill the hobgoblin!
You slash the hobgoblin!
You kill the hobgoblin!
An orc comes into view. It is wielding a +0 short sword.
The orc priest calls down the wrath of Beogh upon you.
Beogh smites you!
You hit the orc.
The orc is lightly wounded.
The orc hits you with a +0 flail. The orc priest hits you with a +0 whip.
You slash the orc!
You kill the orc!
You slash the orc priest! The orc priest hits you with a +0 whip.
* * * LOW HITPOINT WARNING * * *
You slash the orc!
You kill the orc!
You barely miss the orc priest.
The orc priest calls down the wrath of Beogh upon you.
Pain shoots through your body!
* * * LOW HITPOINT WARNING * * *
You closely miss the orc priest. You headbutt the orc priest.
The orc priest is almost dead.
The orc priest barely misses you.
The orc priest invokes the aid of Beogh against you.
Pain shoots through your body!
You die...

..≈...#.# #.# #.#
########* ......#.#
#.####### #.##********,
##+####.#
#.......###...,,,,,,,,,
*,,,,..#
#.............,*******,
*****### #.............,*
*,,,,
#.............,****,,,,
#.....†.......,*,,,,,,,
#......o......,*,**,,,,
#.....@)......,*,**,,,,
**#.............,,,******
#...####.#......,***
#.##***#.#...<..,*
#.,,,,,..#######**
*******###


You could see an orc priest.

Vanquished Creatures
  2 kobold brigands (Sewer)
  A river rat (Sewer)
  3 adders
  3 worms
  5 dart slugs
  2 orcs (D:3)
  6 bats
  6 endoplasms
  10 giant cockroaches
  5 goblins
  6 hobgoblins
  4 quokkas
  6 ball pythons
  3 frilled lizards
  10 kobolds
  7 rats (D:1)
79 creatures vanquished.

Notes
Turn   | Place    | Note
-------+----------+-------------------------------------------
     0 | D:1      | lonewolfV2 the Demonspawn Fighter began the quest for the
                  | Orb.
     0 | D:1      | Reached XP level 1. HP: 18/18 MP: 1/1
    77 | D:1      | Gained mutation: You have a pair of small horns on your
                  | head. [demonic ancestry]
    77 | D:1      | Reached XP level 2. HP: 19/24 MP: 2/2
   423 | D:1      | Reached XP level 3. HP: 29/29 MP: 3/3
   882 | D:2      | Identified the +8 war axe of Gluttony {holy, rElec}
  1586 | D:3      | Reached XP level 4. HP: 35/35 MP: 4/4
  1598 | D:3      | Found a glowing drain.
  1612 | Sewer    | Entered a sewer
  1890 | Sewer    | Noticed a kobold brigand
  1892 | Sewer    | Noticed a kobold brigand
  1908 | Sewer    | Killed a kobold brigand
  1909 | Sewer    | Gained mutation: You regenerate magic rapidly. [demonic
                  | ancestry]
  1909 | Sewer    | Reached XP level 5. HP: 9/42 MP: 5/5
  1909 | Sewer    | HP: 3/61 [kobold brigand/+1 short sword of draining (1)]
  2380 | D:3      | Reached XP level 6. HP: 48/48 MP: 6/6
  2707 | D:3      | HP: 1/48 [orc priest/nerve-wracking pain (11)]
  2708 | D:3      | Killed from afar by an orc priest

Illustrated notes

Levels and vault maps discovered:
D:1:      ncdulo_smallfort, layout_rooms
D:2:      layout_loops_ring, corexii_shack
D:3:      layout_basic, gup_sewer_entry_pipe, kennysheep_generic_room_10

Skill      XL: |  1  2  3  4  5 |
---------------+----------------+-----
Axes           | 2 3 4 |  4.2
Shields        | 3 |  3.8
Fighting       | 4 |  4.2
Armour         | |  2.6

Action                     |  1- 3 |  4- 6 || total
---------------------------+-------+-------++-------
  Melee: War axe           |    98 |   100 ||   198
         Headbutt          |     7 |    18 ||    25
    Use: Scroll            |    11 |     4 ||    15
         Potion            |       |     2 ||     2
 Armour: Scale mail        |    54 |    37 ||    91
  Dodge: Dodged            |    48 |    27 ||    75
  Block: Buckler           |    38 |    29 ||    67
